cohdb
Replays
Latest Replays
All Replays
Popular Replays
Top Player Replays
Match Explorer
How It Works
Community
CoH3 Stats
Reddit
Sign in to upload your games and track your stats! →
Sign in with Steam
Match 43804286
Unlisted
Match 43804286
Overview
Messages
Build Orders
End
Pioneer Squad
Construct Infanterie Kompanie
MG 42 Machine Gun Team
Selects Terror Battlegroup
Selects Machine Gun Camouflage
Grenadier Squad
Grenadier Squad
Construct Luftwaffe Kompanie
Jäger Squad
221 Scout Car
Selects Contempt for the Weak
Jäger Squad
Jäger Squad
Flak 30 Anti-aircraft Gun Team
Support Elements
Marder III M Tank Destroyer
frostie
XoniX_Samurai
Silver
Elite Gamer Beef Chugger
Onoyk
Evilstealer
0
0
Comments
sign in to comment!
No comments posted yet!